 Dungeon Crawl Stone Soup version 0.23-a0-586-gacb4b3f (webtiles) character file.

2415 tilp the Frost Mage (level 9, -1/65 HPs)
             Began as a Merfolk Ice Elementalist on Dec 18, 2018.
             Was a Priest of Makhleb.
             Killed by divine providence
             ... invoked by an orc priest
              (16 damage)
             ... on level 8 of the Dungeon.
             The game lasted 00:28:59 (9978 turns).

tilp the Frost Mage (Merfolk Ice Elementalist)      Turns: 9978, Time: 00:29:00

Health: -1/65      AC: 14    Str:  8    XL:     9   Next: 47%
Magic:  8/14       EV: 14    Int: 20    God:    Makhleb [***...]
Gold:   518        SH:  0    Dex: 14    Spells: 9/15 levels left

rFire    . . .     SeeInvis .   a - +2 dagger (venom)
rCold    . . .     Gourm    .   (no shield)
rNeg     . . .     Faith    .   D - +0 leather armour
rPois    .         Spirit   .   R - +1 helmet
rElec    .         Reflect  .   (no cloak)
rCorr    .         Harm     .   C - +0 pair of gloves
MR       .....                  O - +0 pair of boots
Stlth    ++........             (no amulet)
HPRegen  0.20/turn              k - +2 ring of intelligence
MPRegen  0.14/turn              (no ring)

@: icy armour
A: change form in water, swift swim, stealthy swim
a: Minor Destruction, Lesser Servant of Makhleb, Renounce Religion


You were on level 8 of the Dungeon.
You worshipped Makhleb.
Makhleb was most pleased with you.
You were near starving.

You visited 1 branch of the dungeon, and saw 8 of its levels.
You also visited: Sewer.

You collected 518 gold pieces.

Inventory:

Hand Weapons
 a - a +2 dagger of venom (weapon)
 b - a +0 dagger of speed
 d - a +0 trident
 t - a +0 spear
 u - a +1 short sword of flaming
 A - a +0 halberd
Missiles
 j - 258 stones
 K - 3 poisoned tomahawks (quivered)
 N - 2 tomahawks
Armour
 f - +0 fire dragon scales
 m - a +2 scale mail of fire resistance
 C - a +0 pair of gloves (worn)
 D - a +0 leather armour (worn)
 O - a +0 pair of boots (worn)
 R - a +1 helmet (worn)
Jewellery
 g - an uncursed amulet of magic regeneration {unknown}
 k - a +2 ring of intelligence (left hand)
Wands
 v - a wand of digging (7)
 I - a wand of paralysis (11)
 J - a wand of iceblast (6)
Scrolls
 e - 2 scrolls of blinking {unknown}
 h - a scroll of enchant weapon {unknown}
 i - a scroll of immolation
 l - 7 scrolls of remove curse
 q - 4 scrolls of teleportation
 r - 2 scrolls of amnesia {unknown}
 s - a scroll of enchant armour {unknown}
 x - a scroll of magic mapping {unknown}
 y - 2 scrolls of random uselessness {unknown}
 E - a scroll of fog {unknown}
 H - a scroll of fear {unknown}
 L - a scroll of brand weapon {unknown}
 P - a scroll of identify
Potions
 n - 2 potions of berserk rage
 o - 3 potions of cancellation
 p - a potion of might
 w - 2 potions of lignification {unknown}
 z - 4 potions of curing {unknown}
 B - 4 potions of flight
 F - a potion of invisibility {unknown}
 M - a potion of magic {unknown}
Comestibles
 c - 14 rations


   Skills:
 - Level 4.3 Fighting
 - Level 6.0 Dodging
 - Level 2.1 Stealth
 + Level 3.8 Spellcasting
 - Level 2.1 Conjurations
 + Level 3.7 Charms
 - Level 8.0 Ice Magic
 - Level 5.1 Invocations
 - Level 4.0 Evocations


You had 9 spell levels left.
You knew the following spells:

 Your Spells              Type           Power        Failure   Level  Hunger
a - Freeze                Ice            ####         1%          1    None
b - Throw Frost           Conj/Ice       ###...       3%          2    ##.....
c - Ozocubu's Armour      Chrm/Ice       ####....     4%          3    ###....

Your spell library contained the following spells:

 Spells                   Type           Power        Failure   Level  Hunger
 Animate Skeleton         Necr           N/A          19%         1    None
 Apportation              Tloc           #.....       19%         1    None
 Confusing Touch          Hex            #.....       19%         1    None
 Corona                   Hex            #......      19%         1    None
 Summon Butterflies       Summ           #.......     19%         1    None
 Summon Small Mammal      Summ           #...         19%         1    None
 Throw Icicle             Conj/Ice       ###.....     24%         4    ####...
 Slow                     Hex            #.......     28%         2    ##.....
 Summon Ice Beast         Ice/Summ       ###.....     34%         4    ####...
 Inner Flame              Hex/Fire       #.......     50%         3    ###....
 Lesser Beckoning         Tloc           #.........   50%         3    ###....
 Portal Projectile        Hex/Tloc       #.....       50%         3    ###....
 Tukima's Dance           Hex            #.......     50%         3    ###....
 Cause Fear               Hex            #.........   88%         4    ####...
 Leda's Liquefaction      Hex/Erth       #.........   88%         4    ####...
 Alistair's Intoxication  Tmut/Pois      #.......     99%         5    ######.
 Invisibility             Hex            #.......     100%        6    #######


Dungeon Overview and Level Annotations

Branches:
Dungeon (8/15)             Temple (0/1) D:7
   Lair: D:8-11

Altars:
Dithmenos
Makhleb
Nemelex Xobeh
Qazlal
Ru
Uskayaw

Annotations:
D:3 Sigmund
D:4 Blork the orc, Edmund


Message History

Things that are here:
a +0 dagger; a +0 robe; an orc corpse You hit the orc priest but do no damage.
The orc priest closely misses you. The orc hits you but does no damage.
You hit the orc priest but do no damage.
The orc priest barely misses you. The orc hits you with a +0 dagger.
You hit the orc priest but do no damage.
The orc priest is poisoned.
The orc priest barely misses you. The orc hits you but does no damage.
The orc priest invokes the aid of Beogh against you.
Beogh smites you!
* * * LOW HITPOINT WARNING * * *
You hit the orc but do no damage.
The orc is poisoned.
The orc closely misses you.
Casting: Freeze (safe; 1% risk of failure)
Confirm with . or Enter, or press ? or * to list all spells.
A film of ice covers your body! The orc misses you.
The orc priest mumbles some strange prayers to Beogh against you.
Beogh smites you!
You die...

#### ...
###.#####
#..oo.o.#
..oo.#.###)#
...
#.###.#### #
#......oo#
#####.##o#
#.......##@#
##########.#
#######.###
#.........#
#.###.#.#.#
#.##....#.#
.P.
+.......#.#


PPP #.##....#.# ..PP #.###.###.# You could see an orc priest and 2 orcs.

Vanquished Creatures
  A hippogriff (D:8)
  A porcupine (D:8)
  2 ice beasts (D:5)
  A sky beast (D:5)
  An orc warrior (D:7)
  2 centaurs
  An ogre (D:7)
  4 bullfrogs
  A gnoll sergeant (D:7)
  2 scorpions
  A howler monkey (D:6)
  A crimson imp (D:5)
  2 bullfrog skeletons (D:6)
  2 orc priests
  2 hounds
  A jelly (D:6)
  7 orc wizards
  Ijyb (D:4)
  4 worker ants
  2 merfolk sirens (Sewer)
  2 iguanas
  A merfolk avatar (Sewer)
  A hound skeleton (D:4)
  2 worker ant zombies
  5 adders
  8 gnolls
  2 river rats
  A shadow imp (D:4)
  An ooze (D:2)
  An adder skeleton (D:4)
  6 worms (D:2)
  3 dart slugs
  5 leopard geckos
  19 orcs
  7 bats
  15 giant cockroaches
  9 goblins
  11 hobgoblins
  5 jackals
  7 kobolds
  4 quokkas
  6 ball pythons
  13 frilled lizards
  2 leopard gecko skeletons (D:4)
  A quokka zombie (D:5)
  24 rats
200 creatures vanquished.

Notes
Turn   | Place    | Note
-------+----------+-------------------------------------------
     0 | D:1      | tilp the Merfolk Ice Elementalist began the quest for the
                  | Orb.
     0 | D:1      | Reached XP level 1. HP: 13/13 MP: 3/3
    43 | D:1      | Noticed a swamp worm
    43 | D:1      | Noticed a black bear
    43 | D:1      | Noticed a rime drake
   230 | D:1      | Reached XP level 2. HP: 14/19 MP: 3/5
   330 | D:1      | Reached skill level 4 in Ice Magic
   509 | D:1      | Reached XP level 3. HP: 23/24 MP: 6/6
   513 | D:1      | Learned a level 2 spell: Throw Frost
   524 | D:1      | Learned a level 3 spell: Ozocubu's Armour
  1084 | D:2      | Reached skill level 5 in Ice Magic
  1338 | D:2      | Reached XP level 4. HP: 26/30 MP: 4/7
  1703 | D:2      | Found a hide-covered altar of Uskayaw.
  2270 | D:3      | Noticed Sigmund
  2366 | D:3      | Found a burning altar of Makhleb.
  2366 | D:3      | Noticed a blizzard demon
  2370 | D:3      | Noticed a smoke demon
  2370 | D:3      | Noticed a neqoxec
  2372 | D:3      | Became a worshipper of Makhleb the Destroyer
  2419 | D:3      | Reached skill level 6 in Ice Magic
  2475 | D:3      | Found a glowing drain.
  2480 | Sewer    | Entered a sewer
  2548 | Sewer    | Reached XP level 5. HP: 33/35 MP: 8/8
  2796 | Sewer    | Reached * piety under Makhleb
  3345 | Sewer    | Noticed a malarious merfolk avatar
  3380 | Sewer    | Killed a malarious merfolk avatar
  3380 | Sewer    | Reached skill level 7 in Ice Magic
  3380 | Sewer    | Reached XP level 6. HP: 36/41 MP: 2/9
  3860 | D:4      | Noticed Ijyb
  3942 | D:3      | Found a faded altar of an unknown god.
  3976 | D:3      | Reached ** piety under Makhleb
  4041 | D:4      | Noticed Blork the orc
  4041 | D:4      | Noticed Edmund
  4548 | D:4      | Killed Ijyb
  4548 | D:4      | Reached skill level 8 in Ice Magic
  4823 | D:5      | Entered Level 5 of the Dungeon
  4875 | D:4      | Reached skill level 1 in Fighting
  5012 | D:5      | Reached XP level 7. HP: 41/48 MP: 0/10
  5819 | D:5      | Reached skill level 5 in Dodging
  6446 | D:5      | Reached XP level 8. HP: 34/60 MP: 3/11
  7050 | D:5      | Found a shadowy altar of Dithmenos.
  7050 | D:5      | Found a sparkling altar of Nemelex Xobeh.
  7057 | D:5      | Found a faded altar of an unknown god.
  7059 | D:5      | Found a sacrificial altar of Ru.
  7061 | D:5      | Found a faded altar of an unknown god.
  7148 | D:6      | Found a stormy altar of Qazlal.
  7176 | D:6      | Reached skill level 1 in Invocations
  7435 | D:6      | Reached *** piety under Makhleb
  7937 | D:7      | Found a staircase to the Ecumenical Temple.
  7980 | D:7      | Reached skill level 5 in Invocations
  8003 | D:7      | Reached XP level 9. HP: 65/65 MP: 0/12
  8154 | D:7      | Reached skill level 1 in Conjurations
  8167 | D:7      | Reached skill level 1 in Charms
  9978 | D:8      | Killed from afar by an orc priest

Vault maps used:
D:1:      onia_arrival_zoo_common
D:2:      eat_drink_and_be_merry_uskayaw, grunt_ministairs_15
D:3:      gup_sewer_entry_bowl, chequers_ecumenical_altar_simple_redux,
          glass_columns_a, hex_large, makhleb_altar_promises_db, uniq_sigmund
D:4:      grunt_temple_overflow_bloody_war, uniq_blork_the_orc, uniq_ijyb,
          uniq_edmund
D:5:      chequers_temple_overflow_minitemple, serial_glass, glass_columns_a,
          glass_columns_a, first_ration, corexii_checkpoint_a
D:6:      basic_altar
D:7:      minmay_temple_entry_junction
D:8:      vehumet_statue, grunt_lair_entry_orc_guard_hut, blue_anna_alchemist,
          uniq_maurice, uniq_gastronok
Sewer:    sewer_sea

Skill      XL: |  1  2  3  4  5  6  7  8  9 |
---------------+----------------------------+-----
Ice Magic      | 4 5 6 7 8 |  8.0
Dodging        | 3 6 |  6.0
Fighting       | 1 4 |  4.3
Evocations     | 4 |  4.0
Invocations    | 5 |  5.1
Conjurations   | 2 |  2.1
Charms         | 3 |  3.7
Spellcasting   | 3 |  3.8
Stealth        | |  2.1

Action                   |  1- 3 |  4- 6 |  7- 9 || total
-------------------------+-------+-------+-------++-------
Melee: Dagger            |    60 |   301 |   339 ||   700
       Tailslap          |       |     2 |       ||     2
Throw: Tomahawk          |       |       |     2 ||     2
       Stone             |       |       |     1 ||     1
 Cast: Freeze            |    14 |    19 |    55 ||    88
       Throw Frost       |     3 |     7 |    14 ||    24
       Ozocubu's Armour  |     1 |    14 |    25 ||    40
  Use: Scroll            |       |     2 |     5 ||     7
       Potion            |       |       |     4 ||     4
 Stab: Sleeping          |     8 |     8 |     2 ||    18
  Eat: Chunk             |     2 |    14 |    16 ||    32
       Ration            |       |       |     1 ||     1
Armor: Robe              |    13 |    65 |    54 ||   132
       Leather armour    |       |       |    68 ||    68
Dodge: Dodged            |    59 |   197 |   312 ||   568

Table legend:
 A = Non-vault XP
 B = Vault XP
 C = Vault XP percentage of total XP
 D = Non-vault monster count
 E = Vault monster count
 F = Vault count percentage of total count
                 A         B        C        D         E       F
            +---------+---------+-------+---------+---------+-------
      Total |    3014 |     437 |  12.7 |     151 |      49 |  24.5
            +---------+---------+-------+---------+---------+-------
        D:1 |      41 |       0 |   0.0 |      22 |       0 |   0.0
        D:2 |      88 |       4 |   4.3 |      29 |       2 |   6.5
        D:3 |      32 |      17 |  34.7 |      16 |       3 |  15.8
        D:4 |     221 |      36 |  14.0 |      20 |       1 |   4.8
        D:5 |     980 |       4 |   0.4 |      27 |       2 |   6.9
        D:6 |     569 |       0 |   0.0 |      14 |       0 |   0.0
        D:7 |     788 |       0 |   0.0 |      20 |       0 |   0.0
        D:8 |     295 |     210 |  41.6 |       3 |       2 |  40.0
      Sewer |       0 |     166 | 100.0 |       0 |      39 | 100.0
            +---------+---------+-------+---------+---------+-------
